 Dungeon Crawl Stone Soup version 0.29-a0-284-gf9362112df (webtiles) character file.

Game seed: 173354899707977662

18 namelastname112 the Sneak (level 2, 0/25 HPs)
             Began as a Draconian Brigand on Mar 14, 2022.
             Slain by a goblin
             ... wielding a +0 club
             ... led by Robin
              (6 damage)
             ... on level 2 of the Dungeon.
             The game lasted 00:01:00 (908 turns).

namelastname112 the Sneak (Draconian Brigand)        Turns: 908, Time: 00:01:01

Health: 0/25       AC:  5    Str: 13    XL:     2   Next: 48%
Magic:  2/2        EV: 11    Int: 11    God:
Gold:   25         SH:  0    Dex: 12    Spells: 1/1 levels left

rFire   . . .      SeeInvis .   a - +2 dagger
rCold   . . .      Faith    .   (no shield)
rNeg    . . .      Spirit   .   (body armour unavailable)
rPois   .          Reflect  .   (helmet restricted)
rElec   .          Harm     .   b - +0 cloak
rCorr   .          Rampage  .   (no gloves)
Will    .....                   (no boots)
Stlth   ++........              (no amulet)
HPRegen 0.08/turn               (no ring)
MPRegen 0.08/turn               (no ring)

@: no status effects
A: AC +4, unfitting armour, cold-blooded
a: no special abilities


You were on level 2 of the Dungeon.
You visited 1 branch of the dungeon, and saw 2 of its levels.

You collected 25 gold pieces.

Inventory:

Hand Weapons
 a - a +2 dagger (weapon)
Missiles
 c - 9 poisoned darts (quivered)
 d - 3 curare-tipped darts
Armour
 b - a +0 cloak (worn)
Scrolls
 e - a scroll of noise {unknown}
 f - 2 scrolls of identify {unknown}
 i - a scroll of fog {unknown}
 j - a scroll of enchant weapon {unknown}
 k - a scroll of fear {unknown}
 l - a scroll of amnesia {unknown}
Potions
 g - a potion of haste {unknown}
 h - a potion of ambrosia {unknown}
 m - 2 potions of degeneration {unknown}


   Skills:
 + Level 2.5 Fighting
 + Level 2.2 Short Blades
 + Level 2.0 Throwing
 + Level 1.2 Dodging
 + Level 3.7 Stealth


You had one spell level left.
You didn't know any spells.
Your spell library was empty.

Dungeon Overview and Level Annotations

Branches:
Dungeon (2/15)

Altars:

Annotations:
D:2 Robin


Innate Abilities, Weirdness & Mutations

Your plain brown scales are hard. (AC +4)
You cannot fit into any form of body armour.
You are cold-blooded and may be slowed by cold attacks.


Message History

You completely miss Robin! You tail-slap Robin, but do no damage!
Robin is heavily wounded!
The quokka closely misses you! Robin barely misses you!
The goblin hits you but does no damage! The quokka closely misses you!
You barely miss Robin!
Robin is heavily wounded!
The quokka twitches its whiskers!
The quokka barely misses you! Robin hits you with a +0 spear!
The goblin hits you with a +0 club!
You take 3 damage, and have 16/25 hp!
The quokka attacks as you move away!!! The quokka barely misses you!
Robin attacks as you move away!!! Robin hits you with a +0 spear!
The goblin barely misses you! Robin closely misses you!
You take 1 damage, and have 15/25 hp!
You closely miss the quokka! The quokka barely misses you!
You completely miss the quokka! The quokka barely misses you!
You spit the quokka like a pig!
Your tail-slap misses the quokka!
The quokka is severely wounded!
The quokka bites you!
You take 2 damage, and have 13/25 hp!
You perforate the quokka but do no damage!
The quokka is severely wounded!
The quokka bites you!
You take 1 damage, and have 12/25 hp!
You closely miss the quokka!
The quokka is severely wounded!
The quokka bites you but does no damage!
Robin closely misses you!
You barely miss the quokka! You tail-slap the quokka!
The quokka is almost dead!
The quokka bites you but does no damage!
Robin hits you from afar with a +0 spear!
You take 3 damage, and have 9/25 hp!
You perforate the quokka like a sieve!
You annihilate the quokka!!!
Robin roars a battlecry!!!
You closely miss the goblin!
Robin throws the goblin at you!!! * * * don't die
* * * The goblin hits you with a +0 club! rip

##### #...####
#.#.#.. .
#.#.#g# ...
#.#.#@# #
.....##)#.#.#.#
........)>g<).#
.....##########
... .


You could see Robin and a goblin (strong).

Vanquished Creatures
  7 goblins
  4 hobgoblins (D:1)
  2 quokkas
  A bat (D:1)
  A rat (D:2)
15 creatures vanquished.

Vanquished Creatures (others)
  A fungus (D:2)
  A plant (D:2)
2 creatures vanquished.

Grand Total: 17 creatures vanquished

Notes
Turn   | Place    | Note
-------+----------+-------------------------------------------
     0 | D:1      | namelastname112 the Draconian Brigand began the quest for
                  | the Orb.
     0 | D:1      | Reached XP level 1. HP: 17/17 MP: 1/1
   159 | D:1      | Reached skill level 1 in Dodging
   396 | D:2      | Noticed Robin
   410 | D:2      | Reached XP level 2. HP: 10/25 MP: 2/2
   908 | D:2      | Slain by a goblin

Illustrated notes

Levels and vault maps discovered:
D:1:      psy_arrival_conway, layout_basic
D:2:      layout_basic, shapermc_ecumenical_altar_rom_forum, uniq_robin

Skill      XL: |  1  2 |
---------------+-------+-----
Dodging        | 1 |  1.2
Throwing       | 2 |  2.0
Fighting       | |  2.5
Short Blades   | |  2.2
Stealth        | |  3.7

Action                   || total
-------------------------++-------
Melee: Dagger            ||    53
       Tailslap          ||    10
Armor: Skin              ||    29
Dodge: Dodged            ||    50

Table legend: (Time is in decaauts)
 A = Elapsed time spent in this place.
 B = Non-inter-level travel time spent in this place.
 C = Inter-level travel time spent in this place.
 D = Time resting spent in this place.
 E = Time spent auto-exploring this place.
 F = Levels seen in this place.
 G = Mean time per level.
                   A        B        C        D        E       F      G
               +--------+--------+--------+--------+--------+-----+--------+
         Total |    909 |    861 |     48 |    420 |    323 |   2 |  454.5 |
       Dungeon |    909 |    861 |     48 |    420 |    323 |   2 |  454.5 |
               +--------+--------+--------+--------+--------+-----+--------+

Top non-repeatable levels by time:
     D:1: 864 daAuts
     D:2: 45 daAuts
